 Dungeon Crawl Stone Soup version 0.25-a0-258-g6d7e32a812 (webtiles) character file.

Game seed: 6399037014407206870, levelgen mode: deterministic

848 Redear the Sneak (level 8, -2/54 HPs)
             Began as an Octopode Fighter on Dec 6, 2019.
             Slain by an orc warrior
             ... wielding a +0 trident
              (20 damage)
             ... on level 5 of the Dungeon.
             The game lasted 00:07:22 (4215 turns).

Redear the Sneak (Octopode Fighter)                 Turns: 4215, Time: 00:07:22

Health: -2/54      AC:  1    Str: 15 (16) XL:     8   Next: 1%
Magic:  8/8        EV: 13    Int:  9 (10) God:
Gold:   181        SH:  9    Dex: 12 (13) Spells: 7/7 levels left

rFire    . . .     SeeInvis .   p - +1 dagger (speed)
rCold    . . .     Gourm    .   b - +0 shield
rNeg     . . .     Faith    .   (helmet restricted)
rPois    .         Spirit   .   (no amulet)
rElec    .         Reflect  .   h - ring of attention (curse)
rCorr    .         Harm     .   (no ring)
MR       .....                  (no ring)
Stlth    +++.......             (no ring)
HPRegen  0.18/turn              (no ring)
MPRegen  0.11/turn              (no ring)
                                (no ring)
                                (no ring)

@: no status effects
A: almost no armour, stealthy swim, amphibious, 8 rings, constrict 8, camouflage
1, gelatinous body 1
a: no special abilities


You were on level 5 of the Dungeon.
You were very hungry.

You visited 1 branch of the dungeon, and saw 5 of its levels.

You collected 181 gold pieces.

Inventory:

Hand Weapons
 a - a +0 long sword
 p - a +1 dagger of speed (weapon)
 r - a +3 flail of holy wrath
 s - a +5 club
 v - a cursed -2 dagger
Armour
 b - a +0 shield (worn)
Jewellery
 g - an uncursed amulet of faith {Faith}
 h - a cursed ring of attention (left tentacle)
 w - an uncursed ring of fire {rF+ rC-}
Wands
 d - a wand of random effects (37)
 S - a wand of scattershot (1)
Scrolls
 f - 3 scrolls of amnesia
 n - a scroll of magic mapping {unknown}
 q - a scroll of fog
 B - a scroll of blinking {@r4}
 N - 5 scrolls of remove curse {@r2}
 T - 4 scrolls of teleportation
Potions
 c - 2 potions of might {Str+5 DMG+1d10 | @q3}
 e - a potion of degeneration {!q}
 l - a potion of ambrosia
 m - 2 potions of lignification
 o - a potion of agility {Stlth+ Dex+5 EV+5 | @q4}
 t - 2 potions of heal wounds
 u - a potion of mutation {unknown}
 Q - 2 potions of curing {@q2}
Comestibles
 z - 4 rations


   Skills:
 + Level 4.8 Fighting
 + Level 4.3 Long Blades
 + Level 4.9 Dodging
 + Level 5.2 Stealth
 + Level 4.9 Shields


You had 7 spell levels left.
You didn't know any spells.
Your spell library contained the following spells:

 Spells                   Type           Power        Failure   Level  Hunger
 Confusing Touch          Hex            #.....       83%         1    ##.....
 Magic Dart               Conj           #...         83%         1    ##.....
 Blink                    Tloc           N/A          92%         2    ###....
 Call Imp                 Summ           #.......     92%         2    ###....
 Slow                     Hex            #.......     92%         2    ###....
 Confuse                  Hex            #.......     99%         3    ####...
 Conjure Flame            Conj/Fire      #.......     99%         3    ####...
 Gell's Gravitas          Tloc           #.........   99%         3    ####...
 Mephitic Cloud           Conj/Pois/Air  #.......     99%         3    ####...
 Petrify                  Tmut/Erth      #.......     100%        4    #####..
 Metabolic Englaciation   Hex/Ice        #.........   100%        5    ######.
 Yara's Violent Unravell  Hex/Tmut       #.........   100%        5    ######.


Dungeon Overview and Level Annotations

Branches:
Dungeon (5/15)
 Temple: D:4-7

Altars:
Elyvilon
Hepliaklqana
The Shining One

Annotations:
D:5 Blork the orc


Innate Abilities, Weirdness & Mutations

You cannot wear most types of armour.
You are very stealthy in the water. (Stealth+)
You are amphibious.
You can wear up to eight rings at the same time.
You can use your tentacles to constrict eight enemies at once.
Your skin changes colour to match your surroundings (Stealth+).
Your rubbery body absorbs attacks. (AC +1, EV +1)


Message History

You constrict the orc. You hit the orc.
You kill the orc!
The orc warrior closely misses you.
Things that are here:
a +0 rapier; a +0 leather armour You barely miss the orc warrior.
Your grab misses the orc warrior. You closely miss the orc warrior.
Your grab misses the orc warrior.
The orc warrior hits you with a +0 trident!
You take 8 damage, and have 18/54 hp.
You are too injured to fight recklessly!
You are too injured to fight recklessly!
You are too injured to fight recklessly!
An orc warrior is nearby!
You are too injured to fight recklessly!
Unknown command.
An orc warrior is nearby!
Unknown command.
The orc warrior hits you from afar with a +0 trident!!
You die...

# .# ## ######. . ..#..
.#####.#o###.##.
###.#...#.#)....... #..
#.....@).##.#..
#.###...#>#...#
#######.......#.#.....#
...#...######.#.#.#.###
...#......)...b.#.....
...†......###.....#...#
...#....#.#
#####.#.....
#######†#.## ###.# ##.
#....# #.#.


You could see an orc warrior.

Vanquished Creatures
  Sigmund (D:2)
  2 sky beasts (D:5)
  An ogre (D:4)
  2 orc priests
  Jessica (D:3)
  Terence (D:3)
  5 worker ants
  6 adders
  An ooze (D:2)
  2 worms
  3 dart slugs
  4 leopard geckos
  24 orcs
  9 bats
  4 giant cockroaches
  5 goblins
  3 hobgoblins
  11 jackals
  6 kobolds
  6 quokkas
  4 frilled lizards (D:2)
  A jackal skeleton (D:4)
  A leopard gecko skeleton (D:4)
  8 rats
111 creatures vanquished.

Notes
Turn   | Place    | Note
-------+----------+-------------------------------------------
     0 | D:1      | Redear the Octopode Fighter began the quest for the Orb.
     0 | D:1      | Reached XP level 1. HP: 16/16 MP: 1/1
    64 | D:1      | Reached XP level 2. HP: 13/21 MP: 2/2
    65 | D:1      | Reached skill level 1 in Stealth
   411 | D:1      | Reached XP level 3. HP: 26/26 MP: 3/3
   761 | D:2      | Reached skill level 2 in Stealth
   872 | D:2      | Reached XP level 4. HP: 28/31 MP: 4/4
  1116 | D:2      | Noticed Sigmund
  1126 | D:2      | Killed Sigmund
  1126 | D:2      | Reached skill level 3 in Long Blades
  1126 | D:2      | Reached skill level 3 in Stealth
  1126 | D:2      | Reached XP level 5. HP: 37/37 MP: 5/5
  1188 | D:2      | Reached XP level 6. HP: 40/43 MP: 6/6
  1381 | D:2      | Reached skill level 4 in Shields
  1591 | D:3      | Noticed Jessica
  1597 | D:3      | Killed Jessica
  1597 | D:3      | Reached skill level 4 in Fighting
  1597 | D:3      | Reached skill level 4 in Dodging
  1691 | D:3      | Noticed Terence
  1880 | D:3      | Killed Terence
  2314 | D:4      | Reached skill level 4 in Stealth
  2582 | D:4      | Reached XP level 7. HP: 28/48 MP: 7/7
  2964 | D:4      | Found a glowing golden altar of the Shining One.
  3049 | D:4      | Found a hazy altar of Hepliaklqana.
  3086 | D:5      | Entered Level 5 of the Dungeon
  3154 | D:5      | Found a white marble altar of Elyvilon.
  3154 | D:5      | Noticed Blork the orc
  3800 | D:5      | Reached skill level 4 in Long Blades
  3992 | D:5      | Reached skill level 5 in Stealth
  4206 | D:5      | Reached XP level 8. HP: 31/54 MP: 8/8
  4215 | D:5      | Slain by an orc warrior

Levels and vault maps discovered:
D:1:      elethiomel_arrival_infinity_welcomes_careful_drivers,
          layout_loops_ring, chequers_big_river, minmay_misc_feat_tower
D:2:      layout_rooms, first_ration, serial_bayou_ford_a,
          minmay_pentomino_pile, uniq_sigmund
D:3:      layout_basic, uniq_jessica, uniq_terence
D:4:      layout_rooms, lemuel_doored_altar, lemuel_coloured_pillars_altar
D:5:      lemuel_upstairs_altar, layout_basic, xom_butterflies,
          old_standard_altar, basic_altar, uniq_blork_the_orc

Skill      XL: |  1  2  3  4  5  6  7 |
---------------+----------------------+-----
Stealth        | 1 2 3 4 5 |  5.2
Long Blades    | 3 4 |  4.3
Shields        | 4 |  4.9
Fighting       | 4 |  4.8
Dodging        | 4 |  4.9

Action                   |  1- 3 |  4- 6 |  7- 9 || total
-------------------------+-------+-------+-------++-------
Melee: Long sword        |    38 |    60 |       ||    98
       Constrict         |    10 |    32 |    18 ||    60
       Tentacles         |     5 |    24 |    14 ||    43
       Dagger            |       |    65 |    96 ||   161
Evoke: Wand              |       |       |     4 ||     4
  Use: Potion            |       |     2 |       ||     2
       Scroll            |       |       |    10 ||    10
 Stab: Sleeping          |    11 |    13 |     3 ||    27
  Eat: Chunk             |       |     5 |     1 ||     6
       Ration            |       |       |     1 ||     1
Armor: Skin              |     1 |     5 |     1 ||     7
Dodge: Dodged            |     7 |    50 |    32 ||    89
Block: Shield            |     8 |    30 |    23 ||    61
       Rpst.: Long sword |     5 |     9 |       ||    14

Table legend:
 A = Non-vault XP
 B = Vault XP
 C = Vault XP percentage of total XP
 D = Non-vault monster count
 E = Vault monster count
 F = Vault count percentage of total count
                 A         B        C        D         E       F
            +---------+---------+-------+---------+---------+-------
      Total |     930 |     282 |  23.3 |     105 |       6 |   5.4
            +---------+---------+-------+---------+---------+-------
        D:1 |      42 |       0 |   0.0 |      23 |       0 |   0.0
        D:2 |      90 |     209 |  69.9 |      16 |       4 |  20.0
        D:3 |      70 |      73 |  51.0 |      21 |       2 |   8.7
        D:4 |     366 |       0 |   0.0 |      33 |       0 |   0.0
        D:5 |     362 |       0 |   0.0 |      12 |       0 |   0.0
            +---------+---------+-------+---------+---------+-------
